 Dungeon Crawl Stone Soup version 0.21-a0-264-g3e31e41 (webtiles) character file.

311 sagitran the Chopper (level 6, 0/47 HPs)
             Began as a Barachi Skald on Sept 8, 2017.
             Slain by an orc (2 damage)
             ... on level 4 of the Dungeon.
             The game lasted 00:18:40 (2837 turns).

sagitran the Chopper (Barachi Skald)                Turns: 2837, Time: 00:18:41

Health: 0/47       AC:  5    Str: 14    XL:     6   Next: 42%
Magic:  7/9        EV: 13    Int: 14    God:
Gold:   169        SH:  0    Dex: 11    Spells: 4/10 levels left

rFire    . . .     SeeInvis .   a - +0 hand axe
rCold    . . .     Gourm    .   (no shield)
rNeg     . . .     Faith    .   b - +0 leather armour
rPois    .         Spirit   .   (no helmet)
rElec    .         Reflect  .   w - +0 cloak
rCorr    .         Harm     .   k - +0 pair of gloves
MR       .....                  (no boots)
Stlth    +.........             (no amulet)
HPRegen  0.15/turn              (no ring)
MPRegen  0.11/turn              (no ring)

@: slow
A: +LOS, swims, slowness 1, strong legs 1
a: Hop


You were on level 4 of the Dungeon.
You were not hungry.

You visited 1 branch of the dungeon, and saw 4 of its levels.

You collected 169 gold pieces.

Inventory:

Hand Weapons
 a - a +0 hand axe (weapon)
Armour
 b - a +0 leather armour (worn)
 k - a +0 pair of gloves (worn)
 s - a +1 robe of magic resistance
 w - a +0 cloak (worn)
Wands
 l - a wand of lightning (2/15)
 q - a wand of polymorph (14/24)
 r - a wand of random effects (26/48)
 v - a wand of flame (34/48)
Scrolls
 e - 2 scrolls of amnesia
 g - 4 scrolls of identify
 i - 2 scrolls of immolation {unknown}
 j - a scroll of remove curse {unknown}
 m - a scroll of teleportation {unknown}
 n - 2 scrolls of magic mapping {unknown}
 o - a scroll of recharging {unknown}
Potions
 h - a potion of mutation {unknown}
 p - a potion of cancellation {unknown}
 t - a potion of might {unknown}
Books
 c - a book of Battle

   Spells                             Type                      Level
   a - Infusion                       Charms                       1
   b - Shroud of Golubria             Charms/Translocation         2
   c - Song of Slaying                Charms                       2
   d - Spectral Weapon                Hexes/Charms                 3
   e - Regeneration                   Charms/Necromancy            3
Comestibles
 d - 4 bread rations
 f - 2 fruits
 u - a meat ration


   Skills:
 + Level 3.4 Fighting
 + Level 4.4 Axes
 + Level 3.4 Armour
 + Level 3.5 Dodging
 + Level 0.4 Stealth
 + Level 2.6 Spellcasting
 + Level 3.8 Charms
 + Level 0.7 Evocations


You had 4 spell levels left.
You knew the following spells:

 Your Spells              Type           Power        Failure   Level  Hunger
a - Infusion              Chrm           ##..         5%          1    #......
b - Regeneration          Chrm/Necr      #.........   36%         3    ###....
c - Shroud of Golubria    Chrm/Tloc      #.........   19%         2    ###....


Dungeon Overview and Level Annotations

Branches:
Dungeon (4/15)
 Temple: D:4-7

Altars:
Qazlal
Vehumet
Zin

Shops:
D:4 :


Innate Abilities, Weirdness & Mutations

Shadows flee at your approach. (+LOS)
You can swim through water.
You cover ground slowly.
You can hop short distances.


Message History

You hit the orc.
The orc is heavily wounded.
You miss something. You closely miss the orc. Something hits you.
* * * LOW HITPOINT WARNING * * *
The orc hits you but does no damage. The orc closely misses you.
Something hits you.
* * * LOW HITPOINT WARNING * * *
The orc hits you but does no damage.
You hit something but do no damage. You barely miss the orc. You hit the orc.
You kill the orc!
Something hits you but does no damage. The orc hits you but does no damage.
Something hits you but does no damage.
You barely miss something. You hit the orc but do no damage.
The orc closely misses you. The orc barely misses you.
You miss something. You hit the orc but do no damage.
Your leather armour prevents you from hitting the orc.
Something hits you.
* * * LOW HITPOINT WARNING * * *
The orc hits you.
You die...

#..........##########
#.###...............### #.#
#.####.####.......# #.# #.#
#.# #.†.#...# #.# #.#
#.####.......#
#####'###.####......#._.#.###
.......##..................o.
.......##.............#...###
.∩..(..##.......@o)..........
.......##^.......o###.####.##
#####'###>....##### .# .# #.#
###.#. .# # #####'### #.# ##
.# ........# #(# .. .#
........###.#.# +#
........'..<..#
....)...#######


You could see 2 orcs.

Vanquished Creatures
  Sigmund (D:2)
  A hound (D:4)
  Natasha (twice) (D:2)
  A shadow imp (D:2)
  A worm (D:2)
  A dart slug (D:3)
  A leopard gecko (D:1)
  2 orcs (D:4)
  A ball python (D:2)
  5 giant cockroaches
  4 goblins
  3 hobgoblins
  8 jackals
  14 kobolds
  2 quokkas (D:2)
  5 bats
  2 frilled lizards (D:2)
  4 rats
58 creatures vanquished.

Notes
Turn   | Place    | Note
-------+----------+-------------------------------------------
     0 | D:1      | sagitran the Barachi Skald began the quest for the Orb.
     0 | D:1      | Reached XP level 1. HP: 17/17 MP: 3/3
   227 | D:1      | Reached XP level 2. HP: 21/23 MP: 5/5
   846 | D:2      | Noticed Natasha
   998 | D:1      | Reached XP level 3. HP: 28/28 MP: 6/6
  1252 | D:2      | Killed Natasha
  1412 | D:2      | Learned a level 3 spell: Regeneration
  1415 | D:2      | Learned a level 2 spell: Shroud of Golubria
  1483 | D:2      | Reached XP level 4. HP: 22/34 MP: 7/7
  1802 | D:2      | Reached skill level 3 in Axes
  2108 | D:2      | Found a stormy altar of Qazlal.
  2223 | D:2      | Noticed Sigmund
  2230 | D:2      | Killed Sigmund
  2230 | D:2      | Reached skill level 4 in Axes
  2230 | D:2      | Reached XP level 5. HP: 17/41 MP: 8/8
  2230 | D:2      | Reached XP level 6. HP: 20/47 MP: 9/9
  2254 | D:2      | Noticed Natasha
  2259 | D:2      | Killed Natasha
  2597 | D:2      | Found a glowing silver altar of Zin.
  2756 | D:4      | Found Keenno Erua's Book Shop.
  2802 | D:4      | Found a radiant altar of Vehumet.
  2837 | D:4      | HP: 2/47 [something (5)]
  2837 | D:4      | Slain by an orc

Vault maps used:
D:1:      dpeg_arrival_round_b
D:2:      lemuel_coloured_pillars_altar, old_standard_altar, first_bread,
          minmay_goblin_kobold_house, uniq_sigmund, uniq_natasha
D:3:      kennysheep_slugbush, marbit_many_paths, nicolae_overflow_crystal_walls
D:4:      vehumet_altar_wand_db, kennysheep_mini_moat,
          gammafunk_temple_overflow_statue, serial_shops, shop, serial_glass,
          glass_columns_b, glass_columns_a

Skill      XL: |  1  2  3  4 |
---------------+-------------+-----
Armour         | 2 3 |  3.4
Axes           | 4 |  4.4
Fighting       | 3 |  3.4
Dodging        | 3 |  3.5
Stealth        | |  0.4
Spellcasting   | |  2.6
Charms         | |  3.8
Evocations     | |  0.7

Action                   |  1- 3 |  4- 6 || total
-------------------------+-------+-------++-------
Melee: Hand axe          |   108 |   106 ||   214
 Cast: Infusion          |     1 |     5 ||     6
       Regeneration      |       |     1 ||     1
       Shroud of Golubri |       |     1 ||     1
 Abil: Hop               |     1 |       ||     1
Evoke: Wand              |       |     5 ||     5
  Use: Potion            |     3 |       ||     3
       Scroll            |       |     3 ||     3
  Eat: Bread ration      |     1 |     1 ||     2
       Fruit             |       |     1 ||     1
       Chunk             |       |     1 ||     1
Armor: Leather armour    |    36 |    26 ||    62
Dodge: Dodged            |    90 |    69 ||   159

Table legend:
 A = Spawn XP
 B = Non-spawn XP
 C = Spawn XP percentage of total XP
 D = Spawn monster count
 E = Non-spawn monster count
 F = Spawn count percentage of total count
 G = Total turns spent on level
                    A         B        C        D         E        F      G
               +---------+---------+-------+---------+---------+-------+---------
         Total |       0 |     445 |   0.0 |       0 |      58 |   0.0 |  2837
               +---------+---------+-------+---------+---------+-------+---------
           D:1 |       0 |      35 |   0.0 |       0 |      21 |   0.0 |  1097
           D:2 |       0 |     357 |   0.0 |       0 |      32 |   0.0 |  1605
           D:3 |       0 |       4 |   0.0 |       0 |       1 |   0.0 |    42
           D:4 |       0 |      49 |   0.0 |       0 |       4 |   0.0 |    93
               +---------+---------+-------+---------+---------+-------+---------
